 Dungeon Crawl Stone Soup version 0.26-a0-466-g989023bd0d (webtiles) character file.

Game seed: 16291986961894169239

6 ANON1729 the Gusty (level 1, 0/13 HPs)
             Began as a Barachi Air Elementalist on July 30, 2020.
             Slain by a jackal (1 damage)
             ... on level 1 of the Dungeon.
             The game lasted 00:02:50 (265 turns).

ANON1729 the Gusty (Barachi Air Elementalist)        Turns: 265, Time: 00:02:50

Health: 0/13       AC:  2    Str:  9    XL:     1   Next: 90%
Magic:  0/3        EV: 12    Int: 15    God:
Gold:   27         SH:  0    Dex: 12    Spells: 3/4 levels left

rFire    . . .     SeeInvis .   (no weapon)
rCold    . . .     Faith    .   (no shield)
rNeg     . . .     Spirit   .   a - +0 robe
rPois    .         Reflect  .   (no helmet)
rElec    .         Harm     .   (no cloak)
rCorr    .                      (no gloves)
MR       .....                  (no boots)
Stlth    ++........             (no amulet)
HPRegen  0.04/turn              (no ring)
MPRegen  0.08/turn              (no ring)

@: slow
A: +LOS, swims, slowness 1, strong legs 1
a: Hop


You were on level 1 of the Dungeon.
You visited 1 branch of the dungeon, and saw 1 of its levels.

You collected 27 gold pieces.

Inventory:

Armour
 a - a +0 robe (worn)
Scrolls
 c - a scroll of identify


   Skills:
 + Level 2.3 Dodging
 + Level 1.9 Stealth
 * Level 2.3 Spellcasting
 * Level 1.3 Conjurations
 * Level 3.4 Air Magic


You had 3 spell levels left.
You knew the following spells:

 Your Spells              Type           Power        Failure   Level
a - Shock                 Conj/Air       #...         9%          1

Your spell library contained the following spells:

 Spells                   Type           Power        Failure   Level
 Swiftness                Air            ##......     9%          2
 Static Discharge         Conj/Air       #.......     24%         3
 Airstrike                Air            ##........   47%         4
 Lightning Bolt           Conj/Air       #.........   92%         5


Dungeon Overview and Level Annotations

Branches:
Dungeon (1/15)

Altars:


Innate Abilities, Weirdness & Mutations

You can be seen from farther away. (+LOS)
You can swim through water.
You cover ground slowly.
You can hop short distances.


Message History

The zap hits the jackal.
The jackal is almost dead.
The zap misses the jackal.
The jackal barely misses you. x2
The jackal bites you.
* * * LOW HITPOINT WARNING * * *
The jackal bites you but does no damage.
The jackal barely misses you.
The jackal bites you but does no damage.
There is an open door here.
The jackal barks!
It was a potion of cancellation.
You feel magically purged. The jackal closely misses you.
The jackal bites you but does no damage.
As you read the scroll labeled LAWNES ZACA, it crumbles to dust.
It is a scroll of identify.
You don't have any unidentified items.
The jackal bites you but does no damage.
The jackal bites you.
You die...

.......#.# #.....##########
#.)#(..#.# ##'#........†..#
.......#.####.#...........##
.......#......+.......^...>#
########.####.#.†.........##
.........# #.#...........#
...####.## #.#.hg........#
...####..####.##h####.....#
..............##@# #.....#
...#####+#######h# #######
...# ######'## ...#
..#.......### ####
............# ##..........#
#.#####....# # #....# #.####


You could see 3 jackals and a hobgoblin.

Vanquished Creatures
  2 hobgoblins (D:1)
  A jackal (D:1)
  2 frilled lizards (D:1)
  A rat (D:1)
6 creatures vanquished.

Notes
Turn   | Place    | Note
-------+----------+-------------------------------------------
     0 | D:1      | ANON1729 the Barachi Air Elementalist began the quest for
                  | the Orb.
     0 | D:1      | Reached XP level 1. HP: 13/13 MP: 3/3
   265 | D:1      | Slain by a jackal

Illustrated notes

Levels and vault maps discovered:
D:1:      shiori_arrival_oz, layout_basic

Action                   || total
-------------------------++-------
Melee: Unarmed           ||    13
 Cast: Shock             ||    12
  Use: Scroll            ||     1
       Potion            ||     1
Armor: Robe              ||    12
Dodge: Dodged            ||    23

Table legend: (Time is in decaauts)
 A = Elapsed time spent in this place.
 B = Non-inter-level travel time spent in this place.
 C = Inter-level travel time spent in this place.
 D = Time resting spent in this place.
 E = Time spent auto-exploring this place.
 F = Levels seen in this place.
 G = Mean time per level.
                   A        B        C        D        E       F      G
               +--------+--------+--------+--------+--------+-----+--------+
         Total |    289 |    279 |     10 |    108 |     86 |   1 |  289.0 |
       Dungeon |    289 |    279 |     10 |    108 |     86 |   1 |  289.0 |
               +--------+--------+--------+--------+--------+-----+--------+

Top non-repeatable levels by time:
     D:1: 289 daAuts
